 Dungeon Sprint DCSS version 0.30.1-11-g7821555f0a (webtiles) character file.

Game seed: 7422099379495305350

900000 jagang the Cleaver (level 13, -20/114 HPs)
             Began as a Gnoll Berserker on Nov 21, 2023.
             Was a Priest of Trog.
             Demolished by a meat berserker
             ... wielding a +9 battleaxe
              (35 damage)
             ... in the Dungeon (Sprint VIII: "Arena of Blood").
             The game lasted 00:00:51 (9 turns).

jagang the Cleaver (Gnoll Berserker)                   Turns: 9, Time: 00:00:53

Health: -20/114    AC:  3    Str: 21    XL:     13   Next: 31%
Magic:  1/30       EV: 18    Int:  7    God:    Trog [***...]
Gold:   0          SH:  0    Dex: 12    Spells: 39/39 levels left

rFire   . . .        i - +∞ Axe of Woe
rCold   . . .        (shield currently unavailable)
rNeg    . . .        b - +0 animal skin
rPois   .            (no helmet)
rElec   .            (no cloak)
rCorr   .            (no gloves)
SInv    .            (no boots)
Will    .....        (no amulet)
Stlth   +++++        (no ring)
HPRegen 0.39/turn    (no ring)
MPRegen 0.22/turn

%: no teleportation
@: no status effects
A: fangs 1, strong nose, distributed training
a: Renounce Religion, Berserk, Trog's Hand


You were in the Dungeon.
You worshipped Trog.
Trog was most pleased with you.
You visited 1 branch

Inventory:

Hand Weapons
 i - the +∞ Axe of Woe (weapon)
   (You found it in the Dungeon)
Armour
 b - a +0 animal skin (worn)
Scrolls
 h - a scroll of blinking
Potions
 c - a potion of curing
 d - a potion of heal wounds
 e - a potion of haste
 f - 2 potions of magic
 g - a potion of berserk rage


   Skills:
 + Level 14.9 Fighting
 + Level 13.5 Short Blades
 + Level 13.5 Long Blades
 + Level 14.9 Axes
 + Level 13.5 Maces & Flails
 + Level 13.5 Polearms
 + Level 13.5 Staves
 + Level 13.5 Ranged Weapons
 + Level 13.5 Throwing
 + Level 14.2 Armour
 + Level 14.2 Dodging
 + Level 13.5 Stealth
 + Level 13.5 Shields
 + Level 13.5 Unarmed Combat
 + Level 13.5 Spellcasting
 + Level 11.4 Conjurations
 + Level 11.4 Hexes
 + Level 11.4 Summonings
 + Level 11.4 Necromancy
 + Level 11.4 Translocations
 + Level 11.4 Transmutations
 + Level 11.4 Fire Magic
 + Level 11.4 Ice Magic
 + Level 11.4 Air Magic
 + Level 11.4 Earth Magic
 + Level 11.4 Poison Magic
 + Level 14.6 Invocations
 + Level 13.5 Evocations


You had 39 spell levels left.
You didn't know any spells.
Your spell library was empty.

Dungeon Overview and Level Annotations

Branches:
Dungeon (1/1)

Altars:
Makhleb


Innate Abilities, Weirdness & Mutations

You have very sharp teeth.
Your uncanny sense of smell can sniff out nearby items.
Your experience applies equally to all skills.


Message History

Your Maces & Flails skill increases to level 13!
Your Polearms skill increases to level 13!
Your Staves skill increases to level 13!
Your Ranged Weapons skill increases to level 13!
Your Throwing skill increases to level 13!
Your Armour skill increases to level 14!
Your Dodging skill increases to level 14!
Your Stealth skill increases to level 13!
Your Shields skill increases to level 13!
Your Unarmed Combat skill increases to level 13!
Your Spellcasting skill increases to level 13!
Your Conjurations skill increases to level 11!
Your Hexes skill increases to level 11!
Your Summonings skill increases to level 11!
Your Necromancy skill increases to level 11!
Your Translocations skill increases to level 11!
Your Transmutations skill increases to level 11!
Your Fire Magic skill increases to level 11!
Your Ice Magic skill increases to level 11!
Your Air Magic skill increases to level 11!
Your Earth Magic skill increases to level 11!
Your Poison Magic skill increases to level 11!
Your Invocations skill increases to level 14!
Your Evocations skill increases to level 13!
You have reached level 13!
Unknown command.
You slash the meat berserker!
You fatally mangle the meat berserker.
You kill the meat berserker!
Trog accepts your kill.
You hit the bag of meat.
You butcher the bag of meat messily.
You kill the bag of meat!
Trog accepts your kill.
You slash the bag of meat!
You butcher the bag of meat messily.
You kill the bag of meat!
Trog accepts your kill.
You hear a shout! x2
The meat berserker rages.
You hear a shout!
The meat berserker hits you with a +9 battleaxe!!
You die...

..........
.......... .
......... ..
#......o# ...
#.......# ....
.###.......###.....
......###.)).......
......_...@O......
..#.....#.O.....#
#_.<._#........
#.....#...o..#.
....._...o..oO...
......###.........#
o###.. ...###.....
#.. ...# ..... #.
..#


You could see 3 meat berserkers and 4 bags of meat.

Vanquished Creatures
  2 ogres (D)
  4 orcs (D)
6 creatures vanquished.

Notes
Turn   | Place    | Note
-------+----------+-------------------------------------------
     0 | D        | Found the +∞ Axe of Woe
     0 | D        | jagang the Gnoll Berserker began the quest for the Orb.
     0 | D        | Reached XP level 1. HP: 23/23 MP: 1/1
     2 | D        | Noticed a bag of meat
     2 | D        | Noticed a bag of meat
     3 | D        | Noticed a bag of meat
     4 | D        | Noticed a meat berserker
     5 | D        | Noticed a meat berserker
     5 | D        | Noticed a bag of meat
     5 | D        | Noticed a bag of meat
     6 | D        | Noticed a meat berserker
     6 | D        | Noticed a meat berserker
     6 | D        | Noticed a bag of meat
     6 | D        | Noticed a bag of meat
     6 | D        | Noticed a bag of meat
     7 | D        | Killed a meat berserker
     7 | D        | Killed a bag of meat
     7 | D        | Reached ** piety under Trog
     7 | D        | Noticed a bag of meat
     7 | D        | Noticed a meat berserker
     8 | D        | Reached skill level 10 in Conjurations
     8 | D        | Reached skill level 10 in Hexes
     8 | D        | Reached skill level 10 in Summonings
     8 | D        | Reached skill level 10 in Necromancy
     8 | D        | Reached skill level 10 in Translocations
     8 | D        | Reached skill level 10 in Transmutations
     8 | D        | Reached skill level 10 in Fire Magic
     8 | D        | Reached skill level 10 in Ice Magic
     8 | D        | Reached skill level 10 in Air Magic
     8 | D        | Reached skill level 10 in Earth Magic
     8 | D        | Reached skill level 10 in Poison Magic
     8 | D        | Reached XP level 2. HP: 42/42 MP: 1/15
     8 | D        | Reached XP level 3. HP: 48/48 MP: 1/17
     8 | D        | Reached XP level 4. HP: 55/55 MP: 1/18
     8 | D        | Reached XP level 5. HP: 61/61 MP: 1/20
     8 | D        | Reached XP level 6. HP: 68/68 MP: 1/21
     8 | D        | Reached XP level 7. HP: 74/74 MP: 1/23
     8 | D        | Reached XP level 8. HP: 81/81 MP: 1/24
     8 | D        | Reached XP level 9. HP: 87/87 MP: 1/25
     8 | D        | Reached XP level 10. HP: 94/94 MP: 1/26
     8 | D        | Reached XP level 11. HP: 100/100 MP: 1/27
     8 | D        | Reached XP level 12. HP: 107/107 MP: 1/28
     8 | D        | Killed a bag of meat
     9 | D        | Reached XP level 13. HP: 15/114 MP: 1/30
     9 | D        | Killed a meat berserker
     9 | D        | Killed a bag of meat
     9 | D        | Reached *** piety under Trog
     9 | D        | Killed a bag of meat
     9 | D        | Demolished by a meat berserker

Illustrated notes

Levels and vault maps discovered:
D:        meatsprint

Skill      XL: |  1  2  3  4  5  6  7  8  9 10 11 12 |
---------------+-------------------------------------+-----
Fighting       | 14 | 14.9
Short Blades   | 12 13 | 13.5
Long Blades    | 12 13 | 13.5
Axes           | 14 | 14.9
Maces & Flails | 12 13 | 13.5
Polearms       | 12 13 | 13.5
Staves         | 12 13 | 13.5
Ranged Weapons | 12 13 | 13.5
Throwing       | 12 13 | 13.5
Armour         | 13 14 | 14.2
Dodging        | 13 14 | 14.2
Stealth        | 12 13 | 13.5
Shields        | 12 13 | 13.5
Unarmed Combat | 12 13 | 13.5
Spellcasting   | 12 13 | 13.5
Conjurations   | 10 11 | 11.4
Hexes          | 10 11 | 11.4
Summonings     | 10 11 | 11.4
Necromancy     | 10 11 | 11.4
Translocations | 10 11 | 11.4
Transmutations | 10 11 | 11.4
Fire Magic     | 10 11 | 11.4
Ice Magic      | 10 11 | 11.4
Air Magic      | 10 11 | 11.4
Earth Magic    | 10 11 | 11.4
Poison Magic   | 10 11 | 11.4
Invocations    | 13 14 | 14.6
Evocations     | 12 13 | 13.5

Action                     |  1- 3 |  4- 6 |  7- 9 | 10-12 | 13-15 || total
---------------------------+-------+-------+-------+-------+-------++-------
  Melee: Executioner's axe |     1 |       |       |     1 |     1 ||     3
